 Dungeon Crawl Stone Soup version 0.25.0-37-gb73750e0fb (webtiles) character file.

Game seed: 1340729404863919357

102 Ethylacetat the Poker (level 4, -3/35 HPs)
             Began as a Merfolk Gladiator on July 8, 2020.
             Slain by Crazy Yiuf
             ... wielding a +3 quarterstaff of chaos
              (10 damage)
             ... on level 3 of the Dungeon.
             The game lasted 00:04:26 (2725 turns).

Ethylacetat the Poker (Merfolk Gladiator)           Turns: 2725, Time: 00:04:27

Health: -3/35      AC:  4    Str: 15    XL:     4   Next: 77%
Magic:  4/4        EV: 14    Int:  7    God:
Gold:   227        SH:  0    Dex: 15    Spells: 3/3 levels left

rFire    + . .     SeeInvis .   a - +0 trident
rCold    . . .     Gourm    .   (no shield)
rNeg     + . .     Faith    .   b - +0 leather armour
rPois    .         Spirit   .   c - +0 helmet
rElec    .         Reflect  .   (no cloak)
rCorr    .         Harm     .   (no gloves)
MR       .....                  (no boots)
Stlth    +.........             (no amulet)
HPRegen  0.11/turn              j - ring of protection from fire
MPRegen  0.09/turn              l - ring of positive energy

@: no status effects
A: change form in water, swift swim, stealthy swim
a: no special abilities


You were on level 3 of the Dungeon.
You were not hungry.

You visited 1 branch of the dungeon, and saw 3 of its levels.

You collected 227 gold pieces.

Inventory:

Hand Weapons
 a - a +0 trident (weapon)
Missiles
 d - 3 throwing nets (quivered)
Armour
 b - a +0 leather armour (worn)
 c - a +0 helmet (worn)
Jewellery
 j - a ring of protection from fire (left hand)
 l - a ring of positive energy (right hand)
 s - a +6 ring of intelligence {unknown}
Scrolls
 e - 2 scrolls of fog {unknown}
 g - 2 scrolls of amnesia {unknown}
 h - a scroll of teleportation {unknown}
 i - a scroll of identify {unknown}
 o - a scroll of immolation {unknown}
 p - 5 scrolls of remove curse {unknown}
Potions
 k - 3 potions of curing {unknown}
 m - 2 potions of degeneration {unknown}
 n - a potion of lignification {unknown}
 q - a potion of heal wounds {unknown}
 r - a potion of mutation {unknown}
Comestibles
 f - 7 rations
 t - a chunk of flesh


   Skills:
 + Level 3.4 Fighting
 * Level 6.8 Polearms
 - Level 2.0 Throwing
 - Level 4.0 Dodging


You had 3 spell levels left.
You didn't know any spells.
Your spell library was empty.

Dungeon Overview and Level Annotations

Branches:
Dungeon (3/15)

Altars:
Fedhas

Annotations:
D:2 exclusion: oklob plant
D:3 Crazy Yiuf


Message History

You hit Crazy Yiuf.
Crazy Yiuf is heavily wounded.
Crazy Yiuf barely misses you.
You hit Crazy Yiuf but do no damage.
Crazy Yiuf is heavily wounded.
Crazy Yiuf closely misses you.
You hit Crazy Yiuf but do no damage.
Crazy Yiuf is heavily wounded.
Crazy Yiuf hits you but does no damage.
You hit Crazy Yiuf.
Crazy Yiuf is heavily wounded.
Crazy Yiuf hits you with a +3 quarterstaff of chaos!
* * * LOW HITPOINT WARNING * * *
You are too injured to fight recklessly!
You hit Crazy Yiuf.
Crazy Yiuf is almost dead.
You closely miss Crazy Yiuf.
Crazy Yiuf is almost dead.
Crazy Yiuf hits you with a +3 quarterstaff of chaos!
You die...

# ##..###......##.##.### #
###....##..###.##..#.# #
#.......#..###.###.#.# #
#..............# #ยง#.# #
#..........###.###.#.##
#######.....###....(..g....#
..........### #............#
#######..## #.###.###.##.#
#..# #.@g......##.######
#..# #.###.######.......
#..######.# #.#######......
#........)# #.........#####
#.#######.# ###########
#.......[.# ###########


You could see Crazy Yiuf.

Vanquished Creatures
  Terence (D:3)
  Robin (D:2)
  An adder (D:2)
  2 leopard geckos
  6 bats
  A giant cockroach (D:1)
  18 goblins
  6 hobgoblins
  A quokka (D:2)
  A ball python (D:2)
  7 frilled lizards
  4 kobolds
  3 rats
  A plant (D:2)
53 creatures vanquished.

Vanquished Creatures (others)
  13 toadstools (D:2)
13 creatures vanquished.

Grand Total: 66 creatures vanquished

Notes
Turn   | Place    | Note
-------+----------+-------------------------------------------
     0 | D:1      | Ethylacetat the Merfolk Gladiator began the quest for the
                  | Orb.
     0 | D:1      | Reached XP level 1. HP: 16/16 MP: 1/1
   338 | D:1      | Reached skill level 5 in Polearms
   338 | D:1      | Reached XP level 2. HP: 22/23 MP: 2/2
   812 | D:2      | Noticed Robin
   820 | D:2      | Reached XP level 3. HP: 20/28 MP: 3/3
  1339 | D:2      | Killed Robin
  1339 | D:2      | Reached skill level 6 in Polearms
  1567 | D:2      | Reached XP level 4. HP: 32/35 MP: 4/4
  1773 | D:2      | Found a blossoming altar of Fedhas.
  2060 | D:2      | Noticed an oklob plant
  2298 | D:3      | Noticed Terence
  2315 | D:3      | Killed Terence
  2646 | D:3      | Found a runed translucent door.
  2647 | D:3      | Noticed Crazy Yiuf
  2725 | D:3      | Slain by Crazy Yiuf

Illustrated notes

Levels and vault maps discovered:
D:1:      evilmike_arrival_home_sweet_home, layout_basic, supply_closet_lemuel,
          minmay_tall_x
D:2:      layout_basic, tgw_fedhas, uniq_robin
D:3:      layout_loops_ring, lemuel_coloured_pillars_altar, first_ration,
          uniq_ijyb, uniq_crazy_yiuf_cottage, uniq_terence

Skill      XL: |  1  2  3 |
---------------+----------+-----
Polearms       | 5 6 |  6.8
Fighting       | 3 |  3.4
Throwing       | |  2.0
Dodging        | |  4.0

Action                   |  1- 3 |  4- 6 || total
-------------------------+-------+-------++-------
Melee: Trident           |   134 |    75 ||   209
       Unarmed           |       |     4 ||     4
 Stab: Sleeping          |       |     1 ||     1
  Eat: Chunk             |     2 |     4 ||     6
Armor: Leather armour    |    34 |    10 ||    44
Dodge: Dodged            |   102 |    29 ||   131
